 Dungeon Crawl Stone Soup version 0.29.1-13-g9f3cf754e1 (webtiles) character file.

Game seed: 16729708640292354097

237 Thatpatchoflichen the Shooter (level 5, -5/42 HPs)
             Began as a Demonspawn Hunter on Feb 1, 2023.
             Slain by a gnoll bouda
             ... wielding a +0 whip
              (9 damage)
             ... on level 3 of the Dungeon.
             The game lasted 00:07:37 (3922 turns).

Thatpatchoflichen the Shooter (Demonspawn Hunter)   Turns: 3922, Time: 00:07:37

Health: -5/42      AC:  3    Str: 11    XL:     5   Next: 77%
Magic:  5/5        EV: 13    Int: 11    God:
Gold:   129        SH:  0    Dex: 18    Spells: 4/4 levels left

rFire   . . .      SeeInvis .   a - +0 shortbow
rCold   . . .      Faith    .   (shield currently unavailable)
rNeg    . . .      Spirit   .   c - +0 leather armour
rPois   .          Reflect  .   (helmet restricted)
rElec   .          Harm     .   (no cloak)
rCorr   .          Rampage  .   (no gloves)
Will    .....                   (no boots)
Stlth   ++........              (no amulet)
HPRegen 0.14/turn               (no ring)
MPRegen 0.09/turn               (no ring)

@: weakened
A: horns 1, demonic guardian 1
a: no special abilities


You were on level 3 of the Dungeon.
You visited 1 branch of the dungeon, and saw 4 of its levels.

You collected 129 gold pieces.

Inventory:

Hand Weapons
 a - a +0 shortbow (weapon)
Missiles
 i - 4 boomerangs
 m - 4 javelins
 q - 7 poisoned darts
Armour
 c - a +0 leather armour (worn)
Scrolls
 b - 3 scrolls of immolation
 f - 3 scrolls of teleportation {unknown}
 g - 3 scrolls of enchant armour {unknown}
 h - a scroll of summoning {unknown}
 j - 3 scrolls of identify {unknown}
 p - a scroll of poison {unknown}
Potions
 d - a potion of degeneration {unknown}
 e - a potion of heal wounds {unknown}
 k - 2 potions of mutation {unknown}
 l - a potion of flight {unknown}
 n - a potion of haste {unknown}
 o - a potion of curing {unknown}
 r - a potion of attraction {unknown}
 s - 2 potions of resistance {unknown}


   Skills:
 + Level 4.0 Fighting
 + Level 4.0 Ranged Weapons
 + Level 0.4 Armour
 - Level 4.0 Dodging
 - Level 1.0 Stealth


You had 4 spell levels left.
You didn't know any spells.
Your spell library contained the following spells:

 Spells                   Type           Power      Damage    Failure   Level
 Apportation              Tloc           0%         N/A       43%         1
 Necrotise                Necr           0%         1d4       43%         1
 Summon Small Mammal      Summ           0%         N/A       43%         1
 Ozocubu's Armour         Ice            0%         N/A       80%         3
 Ozocubu's Refrigeration  Ice            0%         4d7       100%        7


Dungeon Overview and Level Annotations

Branches:
Dungeon (4/15)
 Temple: D:4-7

Altars:
Gozag
Kikubaaqudgha
Uskayaw

Shops:
D:4 *(


Innate Abilities, Weirdness & Mutations

You have a pair of small horns on your head.
A weak demonic guardian rushes to your aid.


Message History

You feel as though you will be weak longer.
Fire: a) +0 shortbow
Press: ? - help, Q - select action, (/) - cycle Shift-Dir - straight line, f/p - gnoll bouda
Aim: a gnoll bouda, wielding a +0 whip and wearing a +0 robe (69% to hit)
You shoot an arrow. The arrow hits the gnoll bouda.
The gnoll bouda is moderately wounded.
The gnoll bouda barks out a call to the hunt!
The gnoll picks up the pace!
Fire: a) +0 shortbow
Press: ? - help, Q - select action, (/) - cycle Shift-Dir - straight line, f/p - gnoll bouda
Aim: a gnoll bouda, wielding a +0 whip and wearing a +0 robe (moderately wounded, 69% to hit)
Okay, then.
The gnoll bouda hits you with a +0 whip!
A demonic guardian appears!
The gnoll hits you with a +0 flail!
You climb upwards.
There is a stone staircase leading down here.
Unknown command.
Fire: a) +0 shortbow
Press: ? - help, Q - select action, (/) - cycle Shift-Dir - straight line, f - gnoll bouda
Aim: a gnoll bouda, wielding a +0 whip and wearing a +0 robe (moderately wounded, 69% to hit)
You shoot an arrow. The arrow hits the gnoll bouda.
The gnoll bouda is moderately wounded.
The gnoll bouda completely misses you.
Fire: a) +0 shortbow
Press: ? - help, Q - select action, (/) - cycle Shift-Dir - straight line, f/p - gnoll bouda
Aim: a gnoll bouda, wielding a +0 whip and wearing a +0 robe (moderately wounded, 69% to hit)
You shoot an arrow. The arrow hits the gnoll bouda.
The gnoll bouda is heavily wounded.
The gnoll bouda hits you with a +0 whip!
* * * LOW HITPOINT WARNING * * *
The gnoll bouda gazes fiercely through you!
You feel as though you will be weak longer.
The gnoll bouda hits you with a +0 whip!
* * * LOW HITPOINT WARNING * * *
You see here a +0 club.
The gnoll bouda attacks as you move away!
The gnoll bouda closely misses you.
The gnoll bouda attacks as you move away!
The gnoll bouda hits you with a +0 whip!
You die...

#..........#....####
#..........#.......###
#..........#.......##.
#..................##.
#....>...........####.
######)..#.#......# #.
#..........#......# #.
#....#g##.........# #.
#.(..#@...........# #.
#....#........†...####.
#.####.................
#...##.###.#####.#.###.
###.##÷###..........)..
#......#.............
#......#..........##.
#......#..........##.
#........##.##.......


You could see a gnoll bouda.

Vanquished Creatures
  A necrophage (D:3)
  2 hounds (D:4)
  2 gnolls
  An adder (D:2)
  A dart slug (D:3)
  An orc (D:4)
  6 bats
  2 endoplasms (D:1)
  2 giant cockroaches
  2 goblins
  3 hobgoblins
  4 jackals (D:1)
  7 kobolds
  5 quokkas
  10 ball pythons
  2 frilled lizards (D:3)
  6 rats
57 creatures vanquished.

Vanquished Creatures (collateral kills)
  An iguana (D:4)
  A worm (D:2)
2 creatures vanquished.

Grand Total: 59 creatures vanquished

Notes
Turn   | Place    | Note
-------+----------+-------------------------------------------
     0 | D:1      | Thatpatchoflichen the Demonspawn Hunter began the quest for
                  | the Orb.
     0 | D:1      | Reached XP level 1. HP: 16/16 MP: 1/1
    44 | D:1      | Reached skill level 1 in Stealth
   222 | D:1      | Gained mutation: A weak demonic guardian rushes to your
                  | aid. [demonic ancestry]
   222 | D:1      | Reached XP level 2. HP: 22/22 MP: 2/2
   636 | D:1      | Found a faded altar of an unknown god.
  1105 | D:1      | Reached XP level 3. HP: 28/28 MP: 3/3
  2312 | D:3      | Noticed a necrophage
  2326 | D:3      | Killed a necrophage
  2327 | D:3      | Gained mutation: You have a pair of small horns on your
                  | head. [demonic ancestry]
  2327 | D:3      | Reached XP level 4. HP: 10/35 MP: 4/4
  2719 | D:4      | Found Yvim's Assorted Antiques.
  2730 | D:4      | Reached XP level 5. HP: 42/42 MP: 5/5
  2899 | D:4      | Found Nonam's Weapon Boutique.
  3252 | D:4      | Found an opulent altar of Gozag.
  3252 | D:4      | Found a faded altar of an unknown god.
  3261 | D:4      | Found a faded altar of an unknown god.
  3263 | D:4      | Found a hide-covered altar of Uskayaw.
  3265 | D:4      | Found an ancient bone altar of Kikubaaqudgha.
  3922 | D:3      | Slain by a gnoll bouda

Illustrated notes

Levels and vault maps discovered:
D:1:      minmay_arrival_four_loops, layout_loops_ring, basic_ecumenical_altar
D:2:      layout_loops_corners
D:3:      layout_basic, kennysheep_generic_room_15
D:4:      layout_loops_corners, chequers_temple_overflow_minitemple,
          nicolae_yredelemnul_corpse_copse, serial_shops,
          nicolae_shop_statue_plus, nicolae_stop_n_shop_2,
          nicolae_shop_competitors_out_of_business, nicolae_shop_stone, shop

Skill      XL: |  1  2  3  4  5 |
---------------+----------------+-----
Stealth        | 1 |  1.0
Dodging        | 2 3 4 |  4.0
Ranged Weapons | 4 |  4.0
Fighting       | 3 4 |  4.0
Armour         | |  0.4

Action                   |  1- 3 |  4- 6 || total
-------------------------+-------+-------++-------
 Fire: Shortbow          |   120 |    82 ||   202
Armor: Leather armour    |    19 |    17 ||    36
Dodge: Dodged            |    55 |    49 ||   104
